 Dungeon Crawl Stone Soup version 0.27-a0-216-g1fbed8a51c (webtiles) character file.

Game seed: 6643144611147066645

43 knot the Chopper (level 3, 0/29 HPs)
             Began as a Demonspawn Berserker on Jan 29, 2021.
             Was a Follower of Trog.
             Succumbed to an adder's poison
             ... on level 1 of the Dungeon on Jan 31, 2021.
             The game lasted 00:02:12 (1191 turns).

knot the Chopper (Demonspawn Berserker)             Turns: 1191, Time: 00:02:12

Health: 0/29       AC:  6    Str: 17    XL:     3   Next: 37%
Magic:  3/3        EV: 11    Int:  9    God:    Trog [*.....]
Gold:   34         SH:  0    Dex: 12    Spells: 2/2 levels left

rFire    . . .     SeeInvis .   a - +0 hand axe
rCold    . . .     Faith    .   (no shield)
rNeg     . . .     Spirit   .   i - +0 ring mail
rPois    .         Reflect  .   (no helmet)
rElec    .         Harm     .   d - +0 cloak
rCorr    .         Rampage  .   (no gloves)
Will     .....                  (no boots)
Stlth    +.........             (no amulet)
HPRegen  0.09/turn              (no ring)
MPRegen  0.16/turn              (no ring)

@: lethally poisoned (0 -> -4), berserk cooldown, flying, slowed, very slow
A: magic regeneration
a: Renounce Religion, Berserk


You were on level 1 of the Dungeon.
You worshipped Trog.
Trog was aware of your devotion.
You visited 1 branch of the dungeon, and saw 2 of its levels.

You collected 34 gold pieces.

Inventory:

Hand Weapons
 a - a +0 hand axe (weapon)
Missiles
 e - 19 sling bullets
 j - 25 stones
Armour
 d - a +0 cloak (worn)
 i - a +0 ring mail (worn)
Scrolls
 c - a scroll of enchant armour {unknown}
 g - a scroll of immolation
 k - a scroll of teleportation {unknown}
 l - a scroll of remove curse {unknown}


   Skills:
 - Level 3.0 Fighting
 + Level 4.1 Axes
 - Level 1.7 Armour
 - Level 1.7 Dodging


You had 2 spell levels left.
You didn't know any spells.
Your spell library was empty.

Dungeon Overview and Level Annotations

Branches:
Dungeon (2/15)

Altars:


Innate Abilities, Weirdness & Mutations

You regenerate magic rapidly.


Message History

* * * LOW HITPOINT WARNING * * *
You feel sick.
Okay, then.
Okay, then.
* * * LOW HITPOINT WARNING * * *
You feel sick.
* * * LOW HITPOINT WARNING * * *
You feel sick.
* * * LOW HITPOINT WARNING * * *
You feel sick.
* * * LOW HITPOINT WARNING * * *
You feel sick.
Unknown command.
Unknown command.
You aren't carrying any potions.
Unknown command.
As you read the scroll labelled CUCIR EMPUADE, it crumbles to dust.
It is a scroll of identify.
g - a scroll of immolation You die...

.#.# #.##
#.###...## ##.....
.#.## ##.#
#...###..# #.####
....# #..#
###.####.# ##.#...
..#.# #.##
#...##.####..#.#.
..#.# #.#
###......^...#.#.
....###.#
####..#.##.#.#.
#.....#.###
##......#.##
###.......########
###..#.....
##...##.##....@#
##.......
#.............#
#####...
#...####......#
#... #...#
#......# #...
#...# ##.....#
#### #...# #.....#
#...# #.....#
##### #.....#
#.....#


There were no monsters in sight!

Vanquished Creatures
  An adder (D:1)
  3 oozes (D:1)
  2 leopard geckos (D:1)
  A giant cockroach (D:1)
  A hobgoblin (D:1)
  3 jackals (D:1)
  5 kobolds (D:1)
  A ball python (D:1)
  2 bats (D:1)
  2 rats (D:1)
21 creatures vanquished.

Notes
Turn   | Place    | Note
-------+----------+-------------------------------------------
     0 | D:1      | knot the Demonspawn Berserker began the quest for the Orb.
     0 | D:1      | Reached XP level 1. HP: 18/18 MP: 1/1
   162 | D:1      | Reached skill level 3 in Axes
   300 | D:1      | Gained mutation: You regenerate magic rapidly. [demonic
                  | ancestry]
   300 | D:1      | Reached XP level 2. HP: 12/24 MP: 2/2
   490 | D:1      | Upgraded the game from 0.27-a0-170-g607d9e9d85 to
                  | 0.27-a0-216-g1fbed8a51c
   774 | D:1      | Reached XP level 3. HP: 25/29 MP: 3/3
  1158 | D:2      | Found a faded altar of an unknown god.
  1178 | D:1      | Reached skill level 4 in Axes
  1189 | D:1      | HP: 1/29 [poisoned by an adder]
  1191 | D:1      | Succumbed to an adder's poison

Illustrated notes

Levels and vault maps discovered:
D:1:      minmay_arrival_stair_chambers, layout_rooms, roderic_lattice_a,
          dk_noncrumbling_4
D:2:      layout_basic, chequers_ecumenical_altar_island, uniq_terence,
          uniq_natasha

Skill      XL: |  1  2  3 |
---------------+----------+-----
Axes           | 3 4 |  4.1
Fighting       | |  3.0
Armour         | |  1.7
Dodging        | |  1.7

Action                   || total
-------------------------++-------
Melee: Hand axe          ||    78
Invok: Berserk           ||     2
  Use: Potion            ||     3
       Scroll            ||     1
Armor: Ring mail         ||    55
Dodge: Dodged            ||    55

Table legend: (Time is in decaauts)
 A = Elapsed time spent in this place.
 B = Non-inter-level travel time spent in this place.
 C = Inter-level travel time spent in this place.
 D = Time resting spent in this place.
 E = Time spent auto-exploring this place.
 F = Levels seen in this place.
 G = Mean time per level.
                   A        B        C        D        E       F      G
               +--------+--------+--------+--------+--------+-----+--------+
         Total |   1212 |   1189 |     23 |    244 |    760 |   2 |  606.0 |
       Dungeon |   1212 |   1189 |     23 |    244 |    760 |   2 |  606.0 |
               +--------+--------+--------+--------+--------+-----+--------+

Top non-repeatable levels by time:
     D:1: 1196 daAuts
     D:2: 15 daAuts
